 Dungeon Crawl Stone Soup version 0.27-a0-249-g74f53ef629 (webtiles) character file.

Game seed: 16885640610702696546

310 sahdkjhfkaj the Skirmisher (level 6, -4/39 HPs)
             Began as a Tengu Fighter on Feb 3, 2021.
             Slain by an ogre
             ... wielding a +0 giant club
              (23 damage)
             ... on level 4 of the Dungeon.
             The game lasted 00:04:15 (3410 turns).

sahdkjhfkaj the Skirmisher (Tengu Fighter)          Turns: 3410, Time: 00:04:15

Health: -4/39      AC:  7    Str: 16      XL:     6   Next: 41%
Magic:  7/7        EV: 13    Int:  7 (10) God:
Gold:   191        SH:  0    Dex: 13 (14) Spells: 5/5 levels left

rFire    . . .     SeeInvis .   b - +0 dagger (venom)
rCold    . . .     Faith    .   (no shield)
rNeg     . . .     Spirit   .   j - +0 scale mail
rPois    .         Reflect  .   (helmet restricted)
rElec    .         Harm     .   (no cloak)
rCorr    .         Rampage  .   (no gloves)
Will     .....                  (boots unavailable)
Stlth    ..........             (no amulet)
HPRegen  0.13/turn              (no ring)
MPRegen  0.10/turn              (no ring)

@: flying quickly and evasively, quick
A: beak, talons 3, able to fly
a: Stop Flying


You were on level 4 of the Dungeon.
You visited 1 branch of the dungeon, and saw 4 of its levels.

You collected 191 gold pieces.

Inventory:

Hand Weapons
 a - a +1 rapier
 b - a +0 dagger of venom (weapon)
Armour
 c - a +0 kite shield
 j - a +0 scale mail (worn)
Wands
 F - a wand of digging (4)
Scrolls
 e - a scroll of fog {unknown}
 f - 5 scrolls of remove curse
 g - a scroll of enchant weapon
 h - 5 scrolls of identify {unknown}
 i - a scroll of immolation
 k - a scroll of noise {unknown}
 l - a scroll of random uselessness {unknown}
 m - 2 scrolls of teleportation
 n - a scroll of amnesia {unknown}
Potions
 d - a potion of might
 q - a potion of ambrosia {unknown}


   Skills:
 * Level 4.3 Fighting
 - Level 4.0 Short Blades
 + Level 4.0 Armour
 + Level 4.0 Dodging
 - Level 3.0 Shields


You had 5 spell levels left.
You didn't know any spells.
Your spell library was empty.

Dungeon Overview and Level Annotations

Branches:
Dungeon (4/15)
 Temple: D:4-7

Altars:
Dithmenos
Wu Jian
Zin


Innate Abilities, Weirdness & Mutations

You have a beak for a mouth.
You have claws for feet.
You can fly continuously.


Message History

a +0 dagger; a +0 robe Unknown command.
You hit the orc but do no damage.
The orc is poisoned.
You claw the orc.
You kill the orc!
Items here: ) [[ †.
Really fly into that teleport trap?
You enter a teleport trap!
The teleport trap disappears.
Your surroundings suddenly seem different.
An ogre comes into view. It is wielding a +0 giant club.
You barely miss the ogre. You claw the ogre. Your peck misses the ogre.
The ogre is lightly wounded.
The ogre barely misses you.
You hit the ogre.
The ogre is poisoned.
You peck the ogre.
The ogre is moderately wounded.
You hit the ogre.
The ogre looks as sick as possible!
You claw the ogre. You peck the ogre.
The ogre is heavily wounded.
The ogre hits you with a +0 giant club!!
Ouch! That really hurt!
You die...

# #. ##########
###.. #........#
.....###........#
#.....#........#
##.....#........#
.......@........#
##.....O........#
#..............#
#..............#
#...............
.......####.....#
....... .....
......# ... .##.
#


You could see an ogre (extremely poisoned).

Vanquished Creatures
  A scorpion (D:3)
  Natasha (thrice) (D:3)
  An orc wizard (D:4)
  A worker ant (D:4)
  A hound zombie (D:3)
  5 adders
  2 oozes (D:2)
  A worm (D:3)
  A dart slug (D:3)
  3 leopard geckos
  2 orcs (D:4)
  2 ball pythons
  4 giant cockroaches
  5 goblins
  4 hobgoblins
  11 jackals
  11 kobolds
  A quokka (D:2)
  4 bats
  6 rats
69 creatures vanquished.

Notes
Turn   | Place    | Note
-------+----------+-------------------------------------------
     0 | D:1      | sahdkjhfkaj the Tengu Fighter began the quest for the Orb.
     0 | D:1      | Reached XP level 1. HP: 14/14 MP: 2/2
   388 | D:1      | Reached XP level 2. HP: 18/19 MP: 3/3
  1302 | D:2      | Reached XP level 3. HP: 23/23 MP: 4/4
  1329 | D:2      | Reached skill level 1 in Dodging
  1371 | D:2      | Reached XP level 4. HP: 25/28 MP: 5/5
  1589 | D:2      | Found a faded altar of an unknown god.
  2420 | D:3      | Noticed Natasha
  2426 | D:3      | Killed Natasha
  2427 | D:3      | Gained mutation: You can fly continuously. [Tengu growth]
  2427 | D:3      | Reached XP level 5. HP: 30/32 MP: 6/6
  2576 | D:3      | Found an ornate altar of the Wu Jian Council.
  2701 | D:3      | Noticed Natasha
  2725 | D:3      | Killed Natasha
  2746 | D:3      | Noticed Natasha
  2752 | D:3      | Killed Natasha
  2753 | D:3      | Reached XP level 6. HP: 21/38 MP: 7/7
  3314 | D:4      | Found a glowing silver altar of Zin.
  3365 | D:4      | Found a shadowy altar of Dithmenos.
  3410 | D:4      | Slain by an ogre

Illustrated notes

Levels and vault maps discovered:
D:1:      arrival_zaba_pyramid, layout_basic, chequers_mini_garden,
          minmay_cupped
D:2:      layout_basic, chequers_ecumenical_altar_island
D:3:      layout_rooms, nzn_wu_jian_council_hall, solitary_fountain,
          st_stairs_11, uniq_natasha
D:4:      layout_basic, nicolae_dithmenos_through_a_glass_darkly, zin_statuary,
          grunt_decor_mini_mirrors, lemuel_tele_altar, uniq_edmund, uniq_robin

Skill      XL: |  1  2  3  4  5  6 |
---------------+-------------------+-----
Short Blades   | 4 |  4.0
Dodging        | 2 3 4 |  4.0
Fighting       | 4 |  4.3
Armour         | 4 |  4.0
Shields        | |  3.0

Action                   |  1- 3 |  4- 6 || total
-------------------------+-------+-------++-------
Melee: Rapier            |    39 |     6 ||    45
       Peck              |    18 |    24 ||    42
       Kick              |    13 |    39 ||    52
       Dagger            |    32 |   130 ||   162
 Abil: Fly               |       |     1 ||     1
  Use: Scroll            |     4 |       ||     4
       Potion            |       |     3 ||     3
Armor: Scale mail        |    23 |    39 ||    62
Dodge: Dodged            |    43 |    63 ||   106

Table legend: (Time is in decaauts)
 A = Elapsed time spent in this place.
 B = Non-inter-level travel time spent in this place.
 C = Inter-level travel time spent in this place.
 D = Time resting spent in this place.
 E = Time spent auto-exploring this place.
 F = Levels seen in this place.
 G = Mean time per level.
                   A        B        C        D        E       F      G
               +--------+--------+--------+--------+--------+-----+--------+
         Total |   3321 |   3107 |    214 |      0 |   2697 |   4 |  830.2 |
       Dungeon |   3321 |   3107 |    214 |      0 |   2697 |   4 |  830.2 |
               +--------+--------+--------+--------+--------+-----+--------+

Top non-repeatable levels by time:
     D:1: 1257 daAuts
     D:2: 1122 daAuts
     D:3: 748 daAuts
     D:4: 193 daAuts
